 Dungeon Crawl Stone Soup version 0.30-a0-170-g85af917532 (webtiles) character file.

Game seed: 15370955383605365016

177 qw the Chopper (level 5, -5/32 HPs)
             Began as a Gargoyle Fighter on Sept 30, 2022.
             Killed from afar by a white imp (8 damage)
             ... with a puff of frost
             ... summoned by Natasha
             ... on level 3 of the Dungeon.
             The game lasted 00:01:05 (2807 turns).

qw the Chopper (Gargoyle Fighter)                   Turns: 2807, Time: 00:01:05

Health: -5/32      AC: 10    Str: 21    XL:     5   Next: 57%
Magic:  5/5        EV:  9    Int:  9    God:
Gold:   108        SH:  4    Dex:  9    Spells: 4/4 levels left

rFire   . . .      SeeInvis .    Y - +0 war axe
rCold   . . .      Faith    .    c - +0 buckler
rNeg    + . .      Spirit   .    b - +0 scale mail
rPois   inf        Reflect  .    (no helmet)
rElec   +          Harm     .    (no cloak)
rCorr   .          Rampage  .    (no gloves)
Will    .....                    (no boots)
Stlth   ..........               (no amulet)
HPRegen 0.10/turn                (no ring)
MPRegen 0.09/turn                (no ring)

@: no status effects
A: sickness immunity, AC +4, negative energy resistance 1, electricity
resistance, torment resistance 1, petrification resistance
a: no special abilities


You were on level 3 of the Dungeon.
You visited 1 branch of the dungeon, and saw 3 of its levels.

You collected 108 gold pieces.


Innate Abilities, Weirdness & Mutations

You are immune to sickness and miasma.
Your stone body is resilient. (AC +4)
You are immune to poison.
You resist negative energy. (rN+)
You are resistant to electric shocks. (rElec)
You are resistant to unholy torment.
You are immune to petrification.


   Skills:
 + Level 3.2 Fighting
 - Level 5.1 Axes
 - Level 3.2 Armour
 - Level 3.2 Shields


You had 4 spell levels left.
You didn't know any spells.
Your spell library was empty.

Inventory:

Hand Weapons
 k - a +0 flail
 Y - a +0 war axe (weapon)
Armour
 b - a +0 scale mail (worn)
 c - a +0 buckler (worn)
 f - a +2 pair of boots
Jewellery
 e - a ring of magical power
Scrolls
 a - 3 scrolls of identify
 i - a scroll of acquirement {unknown}
Potions
 d - 3 potions of might
 g - a potion of resistance {unknown}
 h - 2 potions of haste {unknown}
 j - a potion of curing
 l - a potion of attraction {unknown}
 m - 2 potions of lignification {unknown}
 n - a potion of degeneration {unknown}

Dungeon Overview and Level Annotations

Branches:
Dungeon (3/15)

Altars:
Nemelex Xobeh

Annotations:
D:3 Natasha


Message History

You block the crimson imp's attack. The white imp barely misses you.
You hit the white imp.
The white imp is heavily wounded.
You barely miss the crimson imp. You hit the white imp.
The white imp gestures at you. The puff of frost hits you!
The crimson imp blinks!
The white imp hits you. The white imp freezes you.
You hit the white imp but do no damage.
The white imp is heavily wounded.
You barely miss the white imp. The white imp hits you.
The white imp freezes you. You block the white imp's attack.
You closely miss the white imp.
The white imp is heavily wounded.
You hit the white imp.
The white imp hits you but does no damage.
The white imp closely misses you. The white imp gestures at you.
The puff of frost hits you but does no damage.
You barely miss the white imp.
The white imp is heavily wounded.
You barely miss the white imp.
The white imp hits you but does no damage.
The white imp barely misses you.
The white imp hits you but does no damage.
You hit the white imp but do no damage.
The white imp is heavily wounded.
You barely miss the crimson imp. You hit the white imp.
You kill the white imp!
The white imp disappears in a puff of smoke!
Natasha mumbles some strange words.
The crimson imp hits you but does no damage.
The white imp hits you. The white imp freezes you.
You closely miss the white imp.
The white imp is heavily wounded.
You hit the crimson imp.
The crimson imp hits you but does no damage.
The white imp gestures at you. The puff of frost hits you!
You die...

#..............# #...#
#..............# #...#
#..............# #...#
##########...### #...#
############...#####...#
........##.............#
.#.)....##.............#
..¤¤.....#.............#
~~~~¤~5@.#..............
..¤¤¤~5¤...............#
8..5.h~~................
..~~~~~¤................
~~¤¤~¤¤...............%#
.......................#
####.#.................#
#.........#######....
###.......# ##.###


You could see Natasha, a crimson imp (summoned), a white imp (summoned) and a
shadow imp (summoned).

Vanquished Creatures
  Natasha (twice) (D:3)
  Terence (D:2)
  3 adders
  A worm (D:2)
  A dart slug (D:3)
  4 bats (D:1)
  4 endoplasms
  4 giant cockroaches
  4 goblins
  7 hobgoblins
  5 jackals
  5 kobolds
  5 quokkas
  10 ball pythons
  2 frilled lizards (D:2)
  9 rats
67 creatures vanquished.

Notes
Turn   | Place    | Note
-------+----------+-------------------------------------------
     0 | D:1      | qw the Gargoyle Fighter began the quest for the Orb.
     0 | D:1      | Reached XP level 1. HP: 14/14 MP: 1/1
     0 | D:1      | 0 ||| qw: Version: 0.2-a-12-gaebbb33
     0 | D:1      | 0 ||| qw: Game counter: 1512
     0 | D:1      | 0 ||| qw: Always use a shield: true
     0 | D:1      | 0 ||| qw: God list: Okawaru
     0 | D:1      | 0 ||| qw: Allow faded altars: false
     0 | D:1      | 0 ||| qw: Do Orc after D:15 true
     0 | D:1      | 0 ||| qw: Do second Lair branch before Depths: true
     0 | D:1      | 0 ||| qw: Lair rune preference: random
     0 | D:1      | 0 ||| qw: Plans: Normal, Zot:1-4, God:TSO, Crypt, Tomb,
                  | Pan, Slime:5, Hells, Abyss, Orb
     0 | D:1      | 0 ||| PLANNING D:1-11
    57 | D:1      | Reached skill level 2 in Axes
    75 | D:1      | Found a faded altar of an unknown god.
   216 | D:1      | Reached XP level 2. HP: 19/19 MP: 2/2
   276 | D:1      | 276 ||| Stepping ~*~*~tactically~*~*~ (stealth).
   280 | D:1      | 280 ||| Stepping ~*~*~tactically~*~*~ (stealth).
   656 | D:1      | Reached skill level 3 in Axes
   682 | D:1      | Reached XP level 3. HP: 23/23 MP: 3/3
  1128 | D:1      | 1128 ||| READING scroll labelled YSIHANG LYIFU.
  1129 | D:1      | 1129 ||| READING scroll labelled GUMAFE HEZIE.
  1133 | D:1      | 1133 ||| READING scroll labelled HEOSTI WITANAF.
  1134 | D:1      | 1134 ||| READING scroll labelled DIMAYT MOYMIWI.
  1135 | D:1      | 1135 ||| READING scroll labelled OPLOKIM HOSU.
  1136 | D:1      | 1136 ||| DRINKING 2 green potions.
  1137 | D:1      | 1137 ||| DROPPING potion of brilliance.
  1519 | D:2      | Noticed Terence
  1534 | D:2      | Killed Terence
  1535 | D:2      | Reached XP level 4. HP: 18/28 MP: 4/4
  1649 | D:2      | 1649 ||| DROPPING +0 club.
  1669 | D:2      | Reached skill level 4 in Axes
  2114 | D:2      | 2114 ||| READING scroll labelled NAAJ VEHEL.
  2115 | D:2      | 2115 ||| READING scroll labelled OPUARA UKHLUPOYC.
  2116 | D:2      | 2116 ||| DRINKING 2 sedimented orange potions.
  2117 | D:2      | 2117 ||| DRINKING 2 golden potions.
  2185 | D:3      | 2185 ||| Stepping ~*~*~tactically~*~*~ (hiding).
  2442 | D:3      | Noticed Natasha
  2443 | D:3      | 2443 ||| Stepping ~*~*~tactically~*~*~ (hiding).
  2444 | D:3      | 2444 ||| Stepping ~*~*~tactically~*~*~ (hiding).
  2451 | D:3      | Killed Natasha
  2452 | D:3      | Reached XP level 5. HP: 29/32 MP: 5/5
  2639 | D:3      | 2639 ||| Stepping ~*~*~tactically~*~*~ (stealth).
  2640 | D:3      | Noticed Natasha
  2646 | D:3      | HP: 6/32 [Natasha (9)]
  2647 | D:3      | 2647 ||| DRINKING potion of heal wounds.
  2648 | D:3      | Killed Natasha
  2649 | D:3      | Reached skill level 5 in Axes
  2792 | D:3      | Found a sparkling altar of Nemelex Xobeh.
  2793 | D:3      | Noticed Natasha
  2803 | D:3      | HP: 8/32 [white imp[Natasha] (3)]
  2806 | D:3      | HP: 3/32 [white imp[Natasha] (2)]
  2807 | D:3      | Killed from afar by a white imp

Levels and vault maps discovered:
D:1:      denvon_arrival_planthouse, layout_loops_corners,
          basic_ecumenical_altar
D:2:      layout_basic, uniq_terence
D:3:      layout_basic, mainiacjoe_overflow_catwalk, minmay_snake_closets,
          uniq_natasha

Skill      XL: |  1  2  3  4  5 |
---------------+----------------+-----
Axes           | 2 3 4 5 |  5.1
Fighting       | |  3.2
Armour         | |  3.2
Shields        | |  3.2

Action                   |  1- 3 |  4- 6 || total
-------------------------+-------+-------++-------
Melee: War axe           |   122 |   102 ||   224
  Use: Scroll            |     5 |     2 ||     7
       Potion            |     1 |     3 ||     4
Armor: Scale mail        |    44 |    53 ||    97
Dodge: Dodged            |    51 |    47 ||    98
Block: Buckler           |    28 |    17 ||    45

Table legend:
 A = Non-vault XP
 B = Vault XP
 C = Vault XP percentage of total XP
 D = Non-vault monster count
 E = Vault monster count
 F = Vault count percentage of total count
                 A         B        C        D         E       F
            +---------+---------+-------+---------+---------+-------
      Total |     151 |     102 |  40.3 |      60 |       7 |  10.4
            +---------+---------+-------+---------+---------+-------
        D:1 |      50 |       0 |   0.0 |      31 |       0 |   0.0
        D:2 |      47 |      36 |  43.4 |      19 |       1 |   5.0
        D:3 |      54 |      66 |  55.0 |      10 |       6 |  37.5
            +---------+---------+-------+---------+---------+-------
